 Dungeon Crawl Stone Soup version 0.31.0-11-ge490571c62 (webtiles) character file.

Game seed: 18397631768924256503

1256 qw the Nimble (level 8, 0/37 (40) HPs)
             Began as a Spriggan Hunter on Feb 3, 2024.
             Slain by an orc warrior
             ... wielding the +2 flail "Roprudoi" {drain, rPois Will+ SInv}
              (2 damage)
             ... on level 6 of the Dungeon.
             The game lasted 00:00:35 (3602 turns).

qw the Nimble (Spriggan Hunter)                     Turns: 3602, Time: 00:00:35

HP:   0/37 (40)     AC:  3    Str: 11    XL:     8   Next: 26%
MP:   9/9           EV: 24    Int: 10    God:
Gold: 352           SH:  0    Dex: 21    Spells: 7/7 levels left

rFire   . . .        a - +1 shortbow
rCold   . . .        (shield currently unavailable)
rNeg    . . .        c - +0 robe
rPois   .            (helmet restricted)
rElec   .            k - +0 cloak of the Shining Light {Str+4}
rCorr   .            (gloves unavailable)
SInv    +            (boots unavailable)
Will    +....        (no amulet)
Stlth   ++           (no ring)
HPRegen 0.26/turn    (no ring)
MPRegen 0.11/turn

%: no passive effects
@: about to teleport, drained, very quick
A: very small, no large weapons, unfitting armour, see invisible, speed 3,
hooves 1
a: no special abilities


You were on level 6 of the Dungeon.
You visited 1 branch of the dungeon, and saw 6 of its levels.
You also visited: Sewer.

You collected 352 gold pieces.


Innate Abilities, Weirdness & Mutations

You are very small and have problems with some larger weapons.
You are too small for most types of armour.
You have supernaturally acute eyesight. (SInv)
You cover ground extremely quickly. (Speed+++)
You have large cloven feet.


   Skills:
 - Level 3.2 Fighting
 + Level 8.1 Ranged Weapons
 - Level 8.6 Dodging
 - Level 1.5 Stealth


You had 7 spell levels left.
You didn't know any spells.
Your spell library was empty.

Inventory:

Hand Weapons
 a - a +1 shortbow (weapon)
Armour
 c - a +0 robe (worn)
 k - the +0 cloak of the Shining Light (worn) {Str+4}
   (You found it on level 3 of the Dungeon)

   Str+4:     It affects your strength (+4).
Wands
 h - a wand of acid (14)
Scrolls
 b - 4 scrolls of teleportation
 d - a scroll of enchant armour
Potions
 e - a potion of heal wounds
 f - 2 potions of mutation
 g - a potion of might {unknown}
 i - a potion of degeneration {unknown}
 j - 3 potions of curing
 l - a potion of enlightenment {unknown}

Dungeon Overview and Level Annotations

Branches:
Dungeon (6/15)              Sewer (visited)
 Temple: D:4-7

Altars:
Dithmenos
Qazlal
Trog

Annotations:
D:3 1 runed translucent door, Crazy Yiuf
D:5 1 runed translucent door, qw's ghost, novice DEHu


Message History

The arrow hits the orc wizard but does no damage.
The iguana misses you.
You shoot an arrow.
The arrow hits the iguana but does no damage.
The iguana is almost dead.
The orc warrior hits you with the +2 flail "Roprudoi" {drain, rPois Will+ SInv}!
You feel drained. The orc wizard completely misses you.
The iguana barely misses you.
You shoot an arrow.
The arrow hits the iguana but does no damage.
The iguana is almost dead.
The orc warrior closely misses you.
The orc wizard hits you with a +0 dagger.
The iguana barely misses you. The orc wizard misses you.
You shoot an arrow. The arrow hits the iguana!
You kill the iguana!
The orc warrior completely misses you.
The orc wizard hits you but does no damage.
The orc wizard closely misses you.
Your life force feels restored.
You shoot an arrow. The arrow barely misses the orc.
The orc warrior misses you.
The orc wizard hits you with a +0 dagger.
The orc completely misses you. The orc wizard barely misses you.
You shoot an arrow. The arrow hits the orc!
You kill the orc!
The orc warrior completely misses you.
The orc wizard hits you with a +0 flail!
The orc wizard completely misses you.
You shoot an arrow.
The arrow hits the orc warrior but does no damage.
The orc warrior hits you with the +2 flail "Roprudoi" {drain, rPois Will+ SInv}!
You feel drained. The orc wizard misses you.
The orc wizard completely misses you.
3602 ||| READING 5 scrolls of teleportation.
As you read the scroll of teleportation, it crumbles to dust.
You feel strangely unstable.
The orc warrior hits you with the +2 flail "Roprudoi" {drain, rPois Will+ SInv}.
You feel drained.
You die...

#....#######
#..........#
#..........#
#..........+
#..........#######
#................#
#................#
#...........oo...#
#....######.@)...#
#....+....###o#.....
#....#....+ .# ...
##'###....# .' .
#.........# .#.
#.........# .#..
#...##<...# .# ..
##..##....# .# ...
#####........


You could see an orc warrior and 2 orc wizards.

Vanquished Creatures
  Eustachio (D:4)
  Menkaure (D:5)
  An ice beast (D:6)
  A sky beast (D:5)
  A bullfrog (Sewer)
  A scorpion (D:5)
  2 howler monkeys (D:5)
  5 hounds
  2 iguanas
  An orc wizard (D:5)
  13 gnolls
  11 adders
  A river rat (D:5)
  8 dart slugs
  A ribbon worm (D:2)
  8 orcs
  14 ball pythons
  18 endoplasms
  11 giant cockroaches
  5 goblins
  8 hobgoblins
  6 jackals
  6 kobolds
  8 quokkas
  3 bats
  13 frilled lizards
  7 rats
157 creatures vanquished.

Notes
Turn   | Place    | Note
-------+----------+-------------------------------------------
     0 | D:1      | qw the Spriggan Hunter began the quest for the Orb.
     0 | D:1      | Reached XP level 1. HP: 10/10 MP: 2/2
     0 | D:1      | 0 ||| qw: Version: 0.3-a-155-g5e7d8dd
     0 | D:1      | 0 ||| qw: Game counter: 3336
     0 | D:1      | 0 ||| qw: Melee chars always use a shield: true
     0 | D:1      | 0 ||| qw: God list: Okawaru
     0 | D:1      | 0 ||| qw: Allow faded altars: false
     0 | D:1      | 0 ||| qw: Do Orc after clearing Dungeon:15 true
     0 | D:1      | 0 ||| qw: Do second Lair branch before Depths: true
     0 | D:1      | 0 ||| qw: Lair rune preference: random
     0 | D:1      | 0 ||| qw: Goals: Normal
     0 | D:1      | 0 ||| PLANNING D:1-11
    24 | D:1      | Reached skill level 3 in Dodging
    47 | D:1      | Reached XP level 2. HP: 14/14 MP: 3/3
   129 | D:1      | Reached XP level 3. HP: 18/18 MP: 4/4
   419 | D:1      | 419 ||| READING scroll labelled FOANAM LURA.
   420 | D:1      | 420 ||| DROPPING scroll of butterflies.
   573 | D:2      | 573 ||| STAIRDANCE
   580 | D:1      | Reached XP level 4. HP: 22/22 MP: 5/5
   580 | D:1      | 580 ||| READING scroll of identify.
   580 | D:1      | 580 ||| IDENTIFYING grey potion
   581 | D:1      | 581 ||| READING scroll labelled DUSEHUR QYDOE.
   950 | D:2      | 950 ||| READING scroll of identify.
   950 | D:2      | 950 ||| IDENTIFYING inky potion
   978 | D:3      | 978 ||| STAIRDANCE
  1431 | D:3      | Identified the +0 cloak of the Shining Light {Str+4}
  1613 | D:3      | Found a runed translucent door.
  1614 | D:3      | Noticed Crazy Yiuf
  1754 | D:3      | 1754 ||| UPGRADING to +0 cloak of the Shining Light
                  | {Str+4}.
  1759 | D:3      | 1759 ||| READING scroll labelled JOON VUAXKITHRO.
  1760 | D:3      | 1760 ||| READING scroll labelled KIROQA IJUNLAO.
  1760 | D:3      | 1760 ||| ENCHANTING +0 shortbow.
  1761 | D:3      | 1761 ||| DRINKING 3 green potions.
  1761 | D:3      | Gained mutation: You have large cloven feet. [potion of
                  | mutation]
  1763 | D:3      | 1763 ||| Stepping ~*~*~tactically~*~*~ (cloud).
  1974 | D:4      | Reached XP level 5. HP: 26/26 MP: 6/6
  2144 | D:4      | Noticed Eustachio
  2145 | D:4      | 2145 ||| DRINKING potion of haste.
  2182 | D:4      | Killed Eustachio
  2183 | D:4      | Reached skill level 6 in Ranged Weapons
  2183 | D:4      | Reached XP level 6. HP: 30/30 MP: 7/7
  2209 | D:4      | Noticed a fire elemental
  2211 | D:4      | Found a stormy altar of Qazlal.
  2213 | D:4      | Noticed an air elemental
  2214 | D:4      | Noticed a water elemental
  2302 | D:4      | Reached skill level 6 in Dodging
  2522 | D:4      | 2522 ||| READING scroll labelled ALENLYSOOPNO.
  2522 | D:4      | 2522 ||| ENCHANTING +0 shortbow.
  2523 | D:4      | 2523 ||| READING scroll labelled UNWORIUNAD.
  2524 | D:4      | 2524 ||| DRINKING 2 black potions.
  2538 | D:5      | Entered Level 5 of the Dungeon
  2539 | D:5      | 2539 ||| PLANNING SEWER
  2546 | D:5      | 2546 ||| STAIRDANCE
  2590 | D:5      | Found a glowing drain.
  2606 | Sewer    | Entered a sewer
  2667 | Sewer    | Reached XP level 7. HP: 35/35 MP: 8/8
  2949 | Sewer    | Identified the +5 storm dragon scales of the Spheres
                  | {^Drain rElec rN++ Str-2 Dex+8}
  2950 | Sewer    | 2950 ||| READING scroll labelled BOOKEA ZUMA.
  2964 | D:5      | 2964 ||| PLANNING D:1-11
  3129 | D:5      | Found a bloodstained altar of Trog.
  3147 | D:5      | 3147 ||| FLEEEEING.
  3198 | D:5      | Noticed qw's ghost (novice DEHu)
  3200 | D:5      | Found a runed translucent door.
  3306 | D:5      | Noticed Menkaure
  3310 | D:5      | 3310 ||| ZAPPING wand of acid (8) at 5,1 (Menkaure; floor).
  3311 | D:5      | 3311 ||| ZAPPING wand of acid (7) at 5,1 (Menkaure; floor).
  3311 | D:5      | Killed Menkaure
  3312 | D:5      | Reached XP level 8. HP: 39/39 MP: 9/9
  3413 | D:5      | Found a shadowy altar of Dithmenos.
  3567 | D:6      | Reached skill level 3 in Fighting
  3585 | D:6      | Identified the +2 flail "Roprudoi" {drain, rPois Will+
                  | SInv}
  3601 | D:6      | HP: 8/40 [orc warrior/the +2 flail "Roprudoi" {drain, rPois
                  | Will+ SInv} (11)]
  3602 | D:6      | 3602 ||| READING 5 scrolls of teleportation.
  3602 | D:6      | HP: 2/39 [orc warrior/the +2 flail "Roprudoi" {drain, rPois
                  | Will+ SInv} (6)]
  3602 | D:6      | Slain by an orc warrior

Levels and vault maps discovered:
D:1:      dpeg_arrival_ternary, layout_rooms
D:2:      layout_rooms
D:3:      layout_basic, uniq_crazy_yiuf_cottage
D:4:      layout_gridville, nicolae_qazlal_style_of_elements,
          serial_bayou_pond_e, uniq_eustachio
D:5:      layout_rooms, mainiacjoe_overflow_concentric_impassable,
          mainiacjoe_overflow_six_doors_small, hellmonk_ghost_happy_afterlife,
          portal_sewer_entry_a, uniq_menkaure
D:6:      layout_gridville, fedhas_altar_3

Skill      XL: |  1  2  3  4  5  6  7  8 |
---------------+-------------------------+-----
Dodging        | 3 4 5 6 8 |  8.6
Ranged Weapons | 5 6 7 8 |  8.1
Fighting       | 2 3 |  3.2
Stealth        | |  1.5

Action                     |  1- 3 |  4- 6 |  7- 9 || total
---------------------------+-------+-------+-------++-------
   Fire: Shortbow          |   101 |   205 |   186 ||   492
  Evoke: Wand              |       |       |     2 ||     2
    Use: Scroll            |     1 |     7 |     2 ||    10
         Potion            |       |     3 |       ||     3
 Armour: Robe              |     7 |    10 |    22 ||    39
  Dodge: Dodged            |    33 |    67 |    82 ||   182

Table legend:
 A = Non-vault XP
 B = Vault XP
 C = Vault XP percentage of total XP
 D = Non-vault monster count
 E = Vault monster count
 F = Vault count percentage of total count
                 A         B        C        D         E       F
            +---------+---------+-------+---------+---------+-------
      Total |    1168 |     627 |  34.9 |     102 |      55 |  35.0
            +---------+---------+-------+---------+---------+-------
        D:1 |      82 |       0 |   0.0 |      34 |       0 |   0.0
        D:2 |      96 |       0 |   0.0 |      18 |       0 |   0.0
        D:3 |      14 |       0 |   0.0 |       8 |       0 |   0.0
        D:4 |     270 |     214 |  44.2 |      23 |       1 |   4.2
        D:5 |     539 |     181 |  25.1 |      16 |       5 |  23.8
        D:6 |     167 |       0 |   0.0 |       3 |       0 |   0.0
      Sewer |       0 |     232 | 100.0 |       0 |      49 | 100.0
            +---------+---------+-------+---------+---------+-------
